 Dungeon Sprint DCSS version 0.21-a0-221-gfe971b9 (webtiles) character file.

938 Kidiri the Magician (level 8, -4/51 HPs)
             Began as a Gargoyle Fire Elementalist on Aug 25, 2017.
             Was a Believer of Okawaru.
             Slain by a wandering mushroom (10 damage)
             ... in the Dungeon (Sprint IV: "Fedhas' Mad Dash").
             The game lasted 00:07:52 (2366 turns).

Kidiri the Magician (Gargoyle Fire Elementalist)    Turns: 2366, Time: 00:07:53

Health: -4/51      AC:  7    Str: 13    XL:     8   Next: 12%
Magic:  1/19       EV: 14    Int: 17    God:    Okawaru [**....]
Gold:   123        SH:  0    Dex: 10    Spells: 4/22 levels left

rFire    . . .     SeeInvis .   c - +0 dagger
rCold    . . .     Gourm    .   (no shield)
rNeg     + . .     Faith    .   a - +0 robe
rPois    ∞         Spirit   .   (no helmet)
rElec    +         Reflect  .   (no cloak)
rCorr    .         Harm     .   (no gloves)
MR       .....     NoTele   +   (no boots)
Stlth    ++........             j - amulet of invisibility {+Inv}
HPRegen  0.17/turn              (no ring)
MPRegen  0.16/turn              (no ring)

@: very slightly contaminated
A: negative energy resistance 1, electricity resistance, unbreathing,
petrification resistance, rot immunity, AC +5
a: Heroism, Renounce Religion, Evoke Invisibility


You were in the Dungeon.
You worshipped Okawaru.
Okawaru was pleased with you.
You were near starving.

You visited 1 branch You collected 123 gold pieces.

Inventory:

Hand Weapons
 c - a +0 dagger (weapon)
Armour
 a - a +0 robe (worn)
 e - a +0 buckler
Jewellery
 j - the amulet of invisibility (around neck) {+Inv}
   (You found it in the Dungeon)

   [amulet of nothing]

   It lets you turn invisible.
Scrolls
 i - a scroll of blinking
Potions
 f - a potion of haste
 h - a potion of curing
 k - a potion of agility {unknown}
Books
 b - a book of Flames

   Spells                             Type                      Level
   a - Flame Tongue                   Conjuration/Fire             1
   b - Throw Flame                    Conjuration/Fire             2
   c - Conjure Flame                  Conjuration/Fire             3
   d - Inner Flame                    Hexes/Fire                   3
   e - Sticky Flame                   Conjuration/Fire             4
   f - Fireball                       Conjuration/Fire             5
Comestibles
 d - 3 royal jellies


   Skills:
 + Level 6.1 Fighting
 + Level 6.2 Armour
 + Level 5.1 Dodging
 - Level 2.1 Stealth
 + Level 3.8 Shields
 * Level 7.9 Spellcasting
 + Level 6.4 Conjurations
 + Level 6.4 Fire Magic
 + Level 4.8 Invocations
 + Level 4.4 Evocations


You had 4 spell levels left.
You knew the following spells:

 Your Spells              Type           Power        Failure   Level  Hunger
a - Flame Tongue          Conj/Fire      ####.        1%          1    None
b - Throw Flame           Conj/Fire      ####..       1%          2    None
c - Conjure Flame         Conj/Fire      ####....     2%          3    #......
d - Inner Flame           Hex/Fire       ###.....     9%          3    #......
e - Sticky Flame          Conj/Fire      ####....     8%          4    ###....
f - Fireball              Conj/Fire      ####......   21%         5    #####..


Dungeon Overview and Level Annotations

Branches:
Dungeon (1/1)

Altars:
Cheibriados
Dithmenos
Elyvilon
Gozag
Hepliaklqana
Kikubaaqudgha
Makhleb
Nemelex Xobeh
Okawaru
Qazlal
Ru
Sif Muna
Trog
Uskayaw
Vehumet
Wu Jian
Xom
Yredelemnul
Zin
The Shining One
Beogh
Jiyva
Lugonu

Shops:
D *[

Annotations:
D exclusion: oklob plant


Innate Abilities, Weirdness & Mutations

You are resistant to torment.
Your stone body is resilient. (AC +5)
You are immune to poison.
You resist negative energy. (rN+)
You are resistant to electric shocks. (rElec)
You can survive without breathing.
You are immune to petrification.
You are immune to rotting.


Message History

Press: ? - help, Shift-Dir - straight line You miscast Fireball.
Nothing appears to happen.
The burning bush throws fire at you. The puff of flame hits you!
There is an entrance to Fapsess's Armour Shop here.
The burning bush throws fire at you. The puff of flame hits you!
Things that are here:
a robe; a dagger The burning bush throws fire at you.
The puff of flame hits you!
* * * LOW HITPOINT WARNING * * *
There is an open door here.
Unknown command.
Unknown command.
The burning bush throws fire at you. The puff of flame hits you!
* * * LOW HITPOINT WARNING * * *
The wandering mushroom releases spores at you!
You die...

####################
._._.⌠.#.['...#....#
_._._..'..#...#..fP+
._._...#..###+##@)?#
_._._..#.(##∩∩['...#
._._.⌠.#############
########


You could see a wandering mushroom (inner flame) and a burning bush.

Vanquished Creatures
  A wandering mushroom (D)
  A queen bee (D)
  2 scorpions (D)
  4 killer bees (D)
  4 oklob saplings (D)
  A worker ant (D)
  2 spriggans (D)
  A river rat (D)
  A rat (D)
17 creatures vanquished.

Notes
Turn   | Place    | Note
-------+----------+-------------------------------------------
     0 | D        | Kidiri the Gargoyle Fire Elementalist began the quest for the Orb.
     0 | D        | Reached XP level 1. HP: 10/10 MP: 3/3
    16 | D        | Reached skill level 1 in Fighting
    16 | D        | Reached skill level 1 in Armour
    16 | D        | Reached XP level 2. HP: 16/16 MP: 0/5
    27 | D        | Learned a level 2 spell: Throw Flame
    94 | D        | Noticed an oklob sapling
    96 | D        | Killed an oklob sapling
    96 | D        | Reached skill level 3 in Spellcasting
    96 | D        | Reached XP level 3. HP: 21/21 MP: 4/8
   101 | D        | Learned a level 3 spell: Conjure Flame
   105 | D        | Learned a level 3 spell: Inner Flame
   134 | D        | Found the amulet of invisibility {+Inv}
   141 | D        | Reached skill level 4 in Spellcasting
   141 | D        | Reached XP level 4. HP: 11/27 MP: 0/10
   476 | D        | Found an opulent altar of Gozag.
   476 | D        | Found a hazy altar of Hepliaklqana.
   476 | D        | Found a roughly hewn altar of Beogh.
   476 | D        | Found a snail-covered altar of Cheibriados.
   477 | D        | Found a viscous altar of Jiyva.
   477 | D        | Found a burning altar of Makhleb.
   477 | D        | Found a sparkling altar of Nemelex Xobeh.
   477 | D        | Found a sacrificial altar of Ru.
   477 | D        | Found a deep blue altar of Sif Muna.
   477 | D        | Found a bloodstained altar of Trog.
   477 | D        | Found an ornate altar of the Wu Jian Council.
   477 | D        | Found a shimmering altar of Xom.
   477 | D        | Found a basalt altar of Yredelemnul.
   477 | D        | Noticed an oklob sapling priest
   480 | D        | Found an iron altar of Okawaru.
   480 | D        | Found a glowing silver altar of Zin.
   480 | D        | Found a shadowy altar of Dithmenos.
   482 | D        | Found a hide-covered altar of Uskayaw.
   482 | D        | Found an ancient bone altar of Kikubaaqudgha.
   483 | D        | Found a glowing golden altar of the Shining One.
   483 | D        | Found a stormy altar of Qazlal.
   483 | D        | Found a white marble altar of Elyvilon.
   484 | D        | Found a radiant altar of Vehumet.
   484 | D        | Found a corrupted altar of Lugonu.
   497 | D        | Killed an oklob sapling priest
   497 | D        | Reached skill level 5 in Spellcasting
   497 | D        | Reached skill level 1 in Evocations
   497 | D        | Reached XP level 5. HP: 6/32 MP: 4/12
   503 | D        | Learned a level 4 spell: Sticky Flame
   513 | D        | Became a worshipper of Warmaster Okawaru
   764 | D        | Reached skill level 1 in Invocations
   895 | D        | Reached skill level 5 in Fire Magic
  1069 | D        | Reached skill level 6 in Spellcasting
  1069 | D        | Reached XP level 6. HP: 39/39 MP: 2/15
  1087 | D        | Found Fapsess's Armour Shop.
  1087 | D        | Found Raer's Assorted Antiques.
  1161 | D        | Noticed a burning bush
  1161 | D        | Noticed a wandering mushroom
  1171 | D        | Killed a wandering mushroom
  1171 | D        | Reached * piety under Okawaru
  1171 | D        | Reached skill level 5 in Fighting
  1171 | D        | Reached skill level 5 in Armour
  1171 | D        | Reached skill level 5 in Conjurations
  1171 | D        | Reached XP level 7. HP: 34/44 MP: 0/17
  1178 | D        | Learned a level 5 spell: Fireball
  1288 | D        | Reached skill level 7 in Spellcasting
  1353 | D        | Noticed a wandering mushroom
  1766 | D        | Noticed a queen bee
  1917 | D        | Killed a queen bee
  1917 | D        | Reached ** piety under Okawaru
  1917 | D        | Reached skill level 5 in Dodging
  1917 | D        | Reached XP level 8. HP: 51/51 MP: 10/19
  2100 | D        | Noticed an oklob plant
  2366 | D        | Slain by a wandering mushroom

Vault maps used:
D:        dungeon_sprint_fedhas

Skill      XL: |  1  2  3  4  5  6  7 |
---------------+----------------------+-----
Fighting       | 1 2 3 4 5 6 |  6.1
Armour         | 1 2 3 4 5 6 |  6.2
Dodging        | 2 3 4 5 |  5.1
Conjurations   | 2 3 4 5 6 |  6.4
Spellcasting   | 3 4 5 6 7 |  7.9
Fire Magic     | 4 5 6 |  6.4
Evocations     | 1 2 3 4 |  4.4
Invocations    | 2 3 4 |  4.8
Shields        | 2 3 |  3.8
Stealth        | |  2.1

Action                   |  1- 3 |  4- 6 |  7- 9 || total
-------------------------+-------+-------+-------++-------
Melee: Unarmed           |     7 |       |       ||     7
       Dagger            |       |       |     2 ||     2
 Cast: Flame Tongue      |    12 |    27 |     2 ||    41
       Throw Flame       |       |    10 |     1 ||    11
       Sticky Flame      |       |     2 |     2 ||     4
       Conjure Flame     |       |     1 |     1 ||     2
       Fireball          |       |       |    13 ||    13
       Inner Flame       |       |       |     5 ||     5
 Abil: Evoke Invisibilit |       |     3 |     1 ||     4
  Use: Potion            |     2 |     2 |     1 ||     5
  Eat: Bread ration      |       |     1 |       ||     1
       Meat ration       |       |       |     1 ||     1
Armor: Robe              |     4 |       |       ||     4
Dodge: Dodged            |     6 |     2 |     8 ||    16

Table legend:
 A = Spawn XP
 B = Non-spawn XP
 C = Spawn XP percentage of total XP
 D = Spawn monster count
 E = Non-spawn monster count
 F = Spawn count percentage of total count
 G = Total turns spent on level
                    A         B        C        D         E        F      G
               +---------+---------+-------+---------+---------+-------+---------
         Total |       0 |    1340 |   0.0 |       0 |      17 |   0.0 |  2366
               +---------+---------+-------+---------+---------+-------+---------
             D |       0 |    1340 |   0.0 |       0 |      17 |   0.0 |  2366
               +---------+---------+-------+---------+---------+-------+---------
